Map: Dusk Towers

Players

BigNoob - Winner!

  • Race: Protoss Protoss
  • League: Master

Miszu

  • Race: Protoss Protoss
  • League: Master

VOD

Have the link to the VOD?

Description

Time

  • Played on: June 26, 2016, 7:39 a.m.
  • Length: 15:36
Show
View Real Time Build Order
Export as new Build Order

BigNoob Protoss - Winner!

Build Orders: Oracle Opening 

Get SALT Encoding   

  12  0:01  Probe (Chrono Boost)  
  13  0:11  Probe (Chrono Boost)  
  14  0:19  Pylon  
  14  0:22  Probe (Chrono Boost)  
  15  0:37  Probe (Chrono Boost)  
  15  0:39  Gateway  
  16  0:45  Assimilator  
  16  0:49  Probe (Chrono Boost)  
  17  0:54  Assimilator  
  17  0:59  Probe (Chrono Boost)  
  17  1:03  Assimilator  
  18  1:10  Probe (Chrono Boost)  
  19  1:18  Gateway  
  19  1:23  Probe (Chrono Boost)  
  20  1:35  Cybernetics Core  
  20  1:38  Probe (Chrono Boost)  
  21  1:49  Probe (Chrono Boost)  
  21  1:50  Pylon  
  22  2:00  Probe (Chrono Boost)  
  23  2:12  Adept (Chrono Boost), Warp Gate (Chrono Boost)  
  23  2:13  Adept (Chrono Boost)  
  27  2:19  Pylon  
  27  2:34  Stargate  
  27  2:48  Probe  
  27  2:50  Stalker x2 (Chrono Boost)  
  32  2:59  Pylon  
  32  3:20  Oracle (Chrono Boost)  
  32  3:25  Probe  
  34  3:28  Stalker x2  
  38  3:35  Pylon  
  38  3:57  Nexus  
  36  4:18  Probe  
  36  4:19  Void Ray (Chrono Boost)  
  41  4:29  Stalker x2  
  41  4:30  Probe  
  43  4:41  Robotics Facility  
  43  4:46  Probe  
  44  4:55  Sentry  
  44  4:58  Probe  
  47  5:03  Pylon  
  47  5:10  Probe  
  47  5:12  Oracle (Chrono Boost)  
  51  5:17  Stalker  
  51  5:20  Probe  
  53  5:22  Probe  
  55  5:30  Probe  
  55  5:34  Probe  
  57  5:38  Immortal (Chrono Boost)  
  57  5:41  Probe  
  61  5:47  Probe  
  63  5:51  Probe  
  63  5:53  Pylon  
  63  5:54  Stalker  
  66  6:02  Probe  
  67  6:04  Stalker  
  67  6:07  Probe  
  67  6:10  Assimilator  
  70  6:12  Pylon, Assimilator  
  70  6:14  Probe  
  71  6:32  Immortal (Chrono Boost)  
  75  6:35  Probe  
  76  6:43  Nexus  
  76  6:45  Pylon  
  76  6:59  Gateway, Phoenix  
  78  7:02  Gateway  
  78  7:10  Twilight Council  
  78  7:13  Probe  
  79  7:16  Forge  
  79  7:18  Probe  
  79  7:22  Observer (Chrono Boost)  
  81  7:25  Probe  
  81  7:27  Phoenix  
  81  7:28  Probe  
  84  7:36  Zealot  
  84  7:37  Probe, Zealot  
  89  7:40  Probe  
  91  7:49  Probe  
  92  7:51  Probe  
  92  7:55  Probe  
  91  8:01  Probe x2  
  91  8:02  Zealot x2  
  91  8:05  Charge, Probe  
  97  8:11  Templar Archives  
  97  8:12  Probe  
  98  8:13  Probe  
  98  8:16  Probe  
  101  8:21  Protoss Ground Weapons Level 1  
  101  8:23  Phoenix, Probe  
  101  8:25  Probe  
  105  8:31  Mothership Core  
  105  8:34  Pylon  
  107  8:37  Pylon  
  107  8:47  High Templar  
  109  8:51  Assimilator  
  109  8:52  Immortal (Chrono Boost), Probe  
  109  8:53  Assimilator  
  109  8:54  High Templar  
  116  8:56  Zealot x2  
  116  8:59  Archon  
  116  9:01  Pylon  
  120  9:04  Pylon  
  120  9:07  Pylon, Phoenix  
  122  9:18  Pylon  
  122  9:20  Probe  
  122  9:22  Pylon, Zealot x3  
  129  9:30  Immortal (Chrono Boost)  
  133  9:34  Gateway  
  133  9:36  Gateway  
  133  9:45  High Templar x3  
  133  9:46  High Templar  
  133  9:49  Pylon  
  133  9:50  Archon x2, Pylon  
  141  9:58  Phoenix  
  141  9:59  Robotics Facility  
  143  10:09  Immortal (Chrono Boost)  
  147  10:20  Gateway  
  147  10:21  Gateway  
  147  10:22  Protoss Ground Weapons Level 2 (Chrono Boost)  
  147  10:25  Zealot x2  
  147  10:26  Zealot x2  
  155  10:41  Zealot  
  157  10:45  Immortal  
  157  10:47  Immortal  
  165  10:55  High Templar x2  
  169  11:02  Archon  
  169  11:05  Zealot x4  
  169  11:09  Pylon  
  169  11:10  Pylon  
  177  11:22  Gateway  
  177  11:24  Gateway  
  177  11:25  Immortal  
  181  11:27  Gateway, Warp Prism  
  183  11:34  Nexus  
  183  11:37  Pylon  
  183  11:40  Assimilator  
  183  11:44  Assimilator  
  183  11:45  High Templar  
  183  11:46  High Templar x3  
  191  11:51  Archon x2  
  191  11:53  High Templar x2  
  195  11:57  Archon, Zealot  
  195  12:03  Observer  
  195  12:04  Observer  
  172  12:34  High Templar x2  
  172  12:35  Zealot x5  
  186  12:48  Probe x2  
  186  12:49  Probe  
  187  12:55  Assimilator  
  187  12:58  Probe x2  
  187  13:01  Probe  
  187  13:05  High Templar x2  
  194  13:06  Archon, Pylon  
  194  13:08  Zealot x3  
  200  13:15  Archon  
  185  13:53  Zealot x2  
  186  13:56  Zealot x6  
  99  14:39  Zealot x3  
  99  14:40  Zealot x5  
  107  15:08  Zealot  
  107  15:09  Zealot x2  
Show
View Real Time Build Order
Export as new Build Order

Miszu Protoss 

Build Orders:  

Get SALT Encoding   

  12  0:01  Probe (Chrono Boost)  
  13  0:11  Probe (Chrono Boost)  
  14  0:19  Pylon  
  14  0:22  Probe (Chrono Boost)  
  15  0:37  Probe (Chrono Boost)  
  15  0:39  Gateway  
  16  0:48  Probe (Chrono Boost)  
  16  0:49  Assimilator  
  17  0:58  Pylon, Probe (Chrono Boost)  
  18  1:08  Pylon  
  18  1:09  Probe (Chrono Boost)  
  19  1:23  Probe (Chrono Boost)  
  20  1:27  Zealot (Chrono Boost)  
  20  1:28  Cybernetics Core  
  22  1:34  Probe  
  23  1:54  Gateway  
  23  2:00  Probe  
  24  2:06  Warp Gate  
  24  2:07  Stalker (Chrono Boost)  
  26  2:12  Pylon  
  26  2:14  Probe  
  27  2:33  Stalker (Chrono Boost)  
  29  2:43  Assimilator  
  31  2:46  Stalker (Chrono Boost)  
  31  2:58  Probe  
  32  2:59  Stalker (Chrono Boost)  
  34  3:08  Nexus  
  34  3:19  Stalker (Chrono Boost)  
  34  3:22  Probe  
  32  3:33  Stalker (Chrono Boost)  
  34  3:34  Probe  
  35  3:47  Probe  
  36  3:59  Probe  
  37  4:16  Mothership Core (Chrono Boost)  
  39  4:21  Pylon  
  36  4:30  Probe (Chrono Boost)  
  37  4:34  Probe (Chrono Boost)  
  38  4:41  Probe (Chrono Boost)  
  38  4:45  Probe (Chrono Boost)  
  40  4:52  Probe (Chrono Boost)  
  41  4:56  Probe (Chrono Boost)  
  41  4:59  Twilight Council  
  42  5:02  Pylon, Probe (Chrono Boost)  
  42  5:06  Probe (Chrono Boost)  
  44  5:13  Probe (Chrono Boost)  
  45  5:15  Robotics Facility  
  45  5:17  Probe (Chrono Boost)  
  46  5:23  Probe (Chrono Boost)  
  46  5:25  Sentry  
  46  5:27  Probe (Chrono Boost)  
  50  5:32  Blink (Chrono Boost)  
  50  5:33  Probe (Chrono Boost)  
  51  5:37  Probe (Chrono Boost)  
  52  5:42  Probe  
  52  5:49  Probe  
  54  5:53  Probe  
  54  5:55  Forge  
  55  5:59  Assimilator  
  55  6:00  Assimilator  
  55  6:01  Probe  
  55  6:04  Observer, Probe  
  58  6:14  Probe x2  
  60  6:25  Immortal (Chrono Boost), Probe  
  63  6:26  Probe  
  63  6:31  Nexus  
  65  6:36  Probe  
  65  6:38  Probe  
  65  6:39  Protoss Ground Weapons Level 1  
  67  6:48  Probe  
  67  6:50  Probe  
  69  6:56  Pylon  
  69  7:02  Gateway, Probe  
  69  7:06  Pylon  
  70  7:14  Probe x2  
  70  7:15  Immortal (Chrono Boost), Pylon  
  76  7:22  Charge  
  76  7:25  Pylon  
  76  7:26  Probe x2  
  78  7:36  Gateway  
  78  7:37  Gateway  
  78  7:39  Probe  
  78  7:42  Probe  
  78  7:43  Probe  
  82  7:51  Probe  
  82  7:53  Probe  
  82  7:55  Probe  
  80  8:03  Immortal (Chrono Boost), Probe x2  
  86  8:07  Pylon, Probe  
  87  8:14  Templar Archives  
  87  8:15  Probe x2  
  87  8:17  Gateway  
  89  8:29  Gateway, Probe  
  89  8:32  Gateway  
  89  8:34  Gateway  
  90  8:35  Protoss Ground Weapons Level 2 (Chrono Boost)  
  90  8:40  Immortal (Chrono Boost)  
  94  8:46  Zealot  
  94  8:47  Zealot x2  
  100  8:51  Pylon  
  100  8:53  Pylon  
  100  8:56  High Templar x2  
  100  9:01  Archon  
  104  9:05  Photon Cannon  
  104  9:08  Photon Cannon  
  104  9:10  Photon Cannon  
  104  9:12  High Templar  
  104  9:15  High Templar, Zealot  
  114  9:19  Warp Prism (Chrono Boost)  
  112  9:24  Pylon  
  112  9:25  Pylon  
  112  9:27  Archon  
  112  9:28  Zealot  
  112  9:29  Zealot  
  116  9:31  Zealot  
  116  9:35  High Templar x2  
  116  9:36  Zealot  
  124  9:38  Zealot  
  124  9:40  Archon  
  126  9:46  Warp Prism, Zealot  
  126  9:47  Zealot  
  126  9:48  Zealot  
  126  9:50  Zealot  
  136  9:59  High Templar x2  
  140  10:01  Zealot  
  140  10:03  Archon  
  142  10:11  Pylon  
  142  10:13  Pylon, Zealot x5  
  152  10:15  Pylon  
  152  10:17  Pylon  
  152  10:34  Assimilator x2  
  152  10:39  Immortal  
  152  10:40  Nexus  
  148  10:47  Zealot  
  148  10:48  Robotics Bay  
  148  10:49  Robotics Facility, Zealot  
  156  10:50  Zealot  
  158  11:01  Pylon  
  158  11:02  Pylon  
  158  11:04  Probe x3  
  161  11:16  Probe x2  
  163  11:34  Dark Shrine  
  163  11:35  Disruptor (Chrono Boost)  
  163  11:37  Disruptor (Chrono Boost)  
  169  11:41  Protoss Ground Weapons Level 3  
  169  11:43  Zealot x4  
  169  11:44  Zealot x3  
  183  11:48  Photon Cannon  
  183  12:07  Zealot x4  
  183  12:08  Zealot x3  
  197  12:12  Disruptor x2 (Chrono Boost)  
  181  12:39  Assimilator  
  181  12:43  Disruptor x2 (Chrono Boost)  
  185  12:44  Photon Cannon  
  185  12:46  Photon Cannon  
  185  12:47  Photon Cannon  
  185  12:49  Photon Cannon  
  181  12:52  Assimilator  
  181  12:58  Photon Cannon  
  177  13:14  Disruptor x2 (Chrono Boost)  
  177  13:19  Dark Templar x3  
  189  13:20  Dark Templar  
  191  13:51  Disruptor (Chrono Boost)  
  191  13:52  Dark Templar x4  
  191  13:53  Zealot x2  
  164  14:16  Dark Templar x2  
  164  14:17  Dark Templar x2, Zealot  
  129  14:25  Zealot  
  129  14:26  Zealot x2  
  107  14:31  Dark Templar  
  92  14:39  Zealot  
  77  14:47  Zealot x3  
  77  14:49  Zealot  
  77  14:50  Dark Templar  
  77  14:51  Dark Templar  
  79  14:53  High Templar  
  79  14:56  Archon  
  73  15:02  Zealot  
  73  15:04  Zealot  
  77  15:09  Dark Templar, Zealot  
  76  15:14  Archon  
  66  15:24  Zealot  
  66  15:25  Zealot x2  
Tags
 
Add a new tag
Caveats
  • Supply blocks, unpowered buildings, or Contaminate may cause inaccurate times.
  • Supply counts are checked every 10 seconds.